 Dungeon Crawl Stone Soup version 0.25-a0-265-g7af84ae0ac (webtiles) character file.

Game seed: 17405617481068574806, levelgen mode: deterministic

143 Redear the Slasher (level 5, -8/36 HPs)
             Began as an Octopode Chaos Knight on Dec 8, 2019.
             Was a Plaything of Xom.
             Mangled by a fire vortex (17 damage)
             ... summoned by the capriciousness of Xom
             ... on level 4 of the Dungeon.
             The game lasted 00:08:35 (1994 turns).

Redear the Slasher (Octopode Chaos Knight)          Turns: 1994, Time: 00:08:36

Health: -8/36      AC:  1    Str: 11    XL:     5   Next: 25%
Magic:  5/5        EV: 11    Int: 14    God:    Xom [*.....]
Gold:   96         SH:  7    Dex: 13    Spells: 2/4 levels left

rFire    . . .     SeeInvis .   k - +3 dagger (elec)
rCold    . . .     Gourm    .   c - +0 shield
rNeg     . . .     Faith    .   (helmet restricted)
rPois    .         Spirit   .   (no amulet)
rElec    .         Reflect  .   (no ring)
rCorr    .         Harm     .   (no ring)
MR       .....                  (no ring)
Stlth    +++.......             (no ring)
HPRegen  0.12/turn              (no ring)
MPRegen  0.09/turn              (no ring)
                                (no ring)
                                (no ring)

@: no status effects
A: almost no armour, stealthy swim, amphibious, 8 rings, constrict 8, camouflage
1, gelatinous body 1
a: Renounce Religion


You were on level 4 of the Dungeon.
You worshipped Xom.
You were a special plaything of Xom.
You were not hungry.

You visited 1 branch of the dungeon, and saw 4 of its levels.

You collected 96 gold pieces.

Inventory:

Hand Weapons
 a - a +0 falchion of chaos
 k - a +3 dagger of electrocution (weapon)
Missiles
 n - 7 poisoned darts (quivered)
Armour
 c - a +0 shield (worn)
Wands
 V - a wand of flame (19)
Scrolls
 b - 4 scrolls of enchant armour
 f - a scroll of noise
 M - a scroll of magic mapping
 N - 2 scrolls of remove curse
 R - 2 scrolls of identify
Potions
 h - 2 potions of might {unknown}
 i - a potion of brilliance {unknown}
 l - 2 potions of flight {unknown}
 m - a potion of heal wounds {unknown}
Comestibles
 z - 6 rations


   Skills:
 + Level 3.6 Fighting
 + Level 3.6 Long Blades
 + Level 3.1 Dodging
 + Level 2.9 Stealth
 + Level 1.2 Shields
 + Level 0.8 Hexes
 + Level 1.0 Ice Magic


You had 2 spell levels left.
You knew the following spells:

 Your Spells              Type           Power        Failure   Level  Hunger
a - Ensorcelled Hibernat  Hex/Ice        #.....       87%         2    ###....

Your spell library contained the following spells:

 Spells                   Type           Power        Failure   Level  Hunger
 Corona                   Hex            #......      77%         1    ##.....
 Confuse                  Hex            #.......     98%         3    ####...
 Tukima's Dance           Hex            #.......     98%         3    ####...
 Dazzling Flash           Conj/Hex       #.....       99%         3    ####...


Dungeon Overview and Level Annotations

Branches:
Dungeon (4/15)
 Temple: D:4-7

Altars:


Innate Abilities, Weirdness & Mutations

You cannot wear most types of armour.
You are very stealthy in the water. (Stealth+)
You are amphibious.
You can wear up to eight rings at the same time.
You can use your tentacles to constrict eight enemies at once.
Your skin changes colour to match your surroundings (Stealth+).
Your rubbery body absorbs attacks. (AC +1, EV +1)


Message History

An open door.
Unknown command.
Okay, then.
Okay, then.
Unknown command.
Unknown command.
Unknown command.
Unknown command.
Unknown command.
Unknown command.
Unknown command.
You closely miss the orc priest. You grab the orc priest.
The orc priest is almost dead.
You constrict the orc priest.
You kill the orc priest!
Your Ice Magic skill increases to level 1!
You have reached level 5!
You feel agile. The fire vortex hits you. The fire vortex burns you!
You die...

.....#....<......#
.....#.....##....#
.....#.....##(...#......+
.....'...........#......#
.....#...........#......#
.....#...........#......#
.....#+######'####......#
........[..o#..bb#......#
............#...@#......#
............#.b.))......#
..........o.######o.....#
.........o... .......#
...........o. ........#
.(...#######. ..!......#
..... ..........#
#####......# #.o....#


You could see an orc.

Vanquished Creatures
  An orc priest (D:4)
  Ijyb (D:4)
  An adder (D:3)
  2 oozes (D:1)
  A dart slug (D:3)
  3 leopard geckos
  2 orcs
  A ball python (D:1)
  6 giant cockroaches
  10 hobgoblins
  A quokka (D:3)
  10 bats
  2 frilled lizards
  7 goblins
  10 kobolds
  3 rats
61 creatures vanquished.

Notes
Turn   | Place    | Note
-------+----------+-------------------------------------------
     0 | D:1      | Redear the Octopode Chaos Knight began the quest for the
                  | Orb.
     0 | D:1      | Reached XP level 1. HP: 16/16 MP: 1/1
    62 | D:1      | Reached skill level 1 in Stealth
    62 | D:1      | Reached XP level 2. HP: 10/21 MP: 2/2
   197 | D:1      | XOM: divination: detect creatures
   204 | D:1      | XOM: harmless Pois miscast
   333 | D:1      | Reached XP level 3. HP: 22/26 MP: 3/3
   442 | D:1      | XOM: smoke on damage
   651 | D:1      | Reached skill level 2 in Stealth
  1441 | D:3      | Learned a level 2 spell: Ensorcelled Hibernation
  1452 | D:3      | Reached XP level 4. HP: 31/31 MP: 4/4
  1658 | D:3      | Reached skill level 3 in Dodging
  1682 | D:3      | XOM is BORED!
  1682 | D:3      | XOM: noise
  1852 | D:3      | XOM: medium Summ miscast
  1853 | D:3      | Noticed an ice devil
  1930 | D:4      | XOM: stealth player
  1930 | D:4      | Noticed Ijyb
  1936 | D:4      | Killed Ijyb
  1936 | D:4      | Reached skill level 1 in Shields
  1991 | D:4      | XOM: mild Fire miscast
  1993 | D:4      | XOM: butterfly on damage
  1994 | D:4      | Reached skill level 1 in Ice Magic
  1994 | D:4      | Reached XP level 5. HP: 9/36 MP: 5/5
  1994 | D:4      | Mangled by a fire vortex

Levels and vault maps discovered:
D:1:      shiori_arrival_maze, layout_loops_cross
D:2:      layout_basic
D:3:      layout_loops_ring, gup_sewer_entry_bowl
D:4:      layout_gridville, first_ration, uniq_ijyb

Skill      XL: |  1  2  3  4 |
---------------+-------------+-----
Stealth        | 1 2 |  2.9
Dodging        | 3 |  3.1
Shields        | 1 |  1.2
Ice Magic      | 1 |  1.0
Fighting       | |  3.6
Long Blades    | |  3.6
Hexes          | |  0.8

Action                   |  1- 3 |  4- 6 || total
-------------------------+-------+-------++-------
Melee: Falchion          |    63 |       ||    63
       Constrict         |    20 |     8 ||    28
       Tentacles         |     8 |     7 ||    15
       Dagger            |     4 |    30 ||    34
  Use: Scroll            |       |     5 ||     5
 Stab: Sleeping          |     8 |     5 ||    13
       Confused          |     1 |       ||     1
       Paralysed         |     1 |       ||     1
  Eat: Chunk             |     2 |     1 ||     3
Armor: Skin              |     6 |     2 ||     8
Dodge: Dodged            |    40 |    13 ||    53
Block: Shield            |    11 |    13 ||    24
       Rpst.: Falchion   |    12 |       ||    12

Table legend:
 A = Non-vault XP
 B = Vault XP
 C = Vault XP percentage of total XP
 D = Non-vault monster count
 E = Vault monster count
 F = Vault count percentage of total count
                 A         B        C        D         E       F
            +---------+---------+-------+---------+---------+-------
      Total |     166 |      39 |  19.0 |      58 |       3 |   4.9
            +---------+---------+-------+---------+---------+-------
        D:1 |      45 |       3 |   6.2 |      22 |       2 |   8.3
        D:2 |      29 |       0 |   0.0 |      15 |       0 |   0.0
        D:3 |      47 |       0 |   0.0 |      18 |       0 |   0.0
        D:4 |      45 |      36 |  44.4 |       3 |       1 |  25.0
            +---------+---------+-------+---------+---------+-------
